[Event "Nakhchivan Open 2022"]
[Site "Nakhchivan"]
[Date "2022.05.12"]
[Round "7.6"]
[White "Davudov, Tunar"]
[Black "Mahdavi, Reza"]
[Result "1-0"]
[ECO "B45"]
[WhiteElo "1816"]
[BlackElo "2303"]
[Annotator "TA"]
[PlyCount "107"]
[EventDate "2022.05.08"]
[EventType "swiss"]
[EventCountry "AZE"]
[SourceTitle "playchess.com"]
[Source "ChessBase"]
[SourceQuality "1"]
[TimeControl "5400+30"]

1. e4 c5 2. Nf3 e6 3. d4 cxd4 4. Nxd4 Nc6 5. Nc3 Nf6 6. Be3 Bb4 7. Bd3 d5 8. exd5 Nxd5 9. Nxc6 bxc6 10. Bd2 Bd6 {[%emt 0:05:27] [#] B45: Sicilian Four Knights.} 11. O-O $146 ({Predecessor:} 11. Nxd5 cxd5 12. O-O O-O 13. Qh5 g6 14. Qh6 Be5 15. c3 Bg7 16. Qe3 e5 17. Bc2 Ba6 18. Rfe1 {0-1 (28) Xie,B (1998)-Koziol,K (2276) Chess.com INT 2021}) 11... Nb4 (11... Qh4 12. g3 Qd8 13. Qg4 $16) 12. Be4 Ba6 {[%emt 0:01:51] Against Nb5. The position is equal.} 13. a3 Nd5 (13... Qh4 $2 14. g3 Qe7 15. axb4 $18) 14. Re1 {[%emt 0:03:16] Black should prevent Qh5.} O-O $1 (14... Qh4 $2 15. g3 Qe7 16. Qg4 $18) 15. Qf3 Qc7 16. h3 Rab8 17. b4 (17. Qh5 f5 18. Bxd5 exd5 $15) 17... Rbd8 18. Na4 (18. Qh5 Nf6 19. Qg5 c5 $15) 18... Qb8 19. Rac1 (19. Qh5 Nf6 20. Qd1 Be5 $15) 19... e5 20. c4 Ne7 21. Bc3 (21. Bxc6 Nxc6 22. Qxc6 Bb7 $11) (21. Bg5 $14 f6 22. Bh4) 21... f5 $1 $11 22. Bxc6 (22. Bb1 $1 $15) 22... e4 $17 23. Bxe4 fxe4 24. Qxe4 Ng6 ({Black should play} 24... Bb7 25. Qg4 Ng6) 25. c5 Bh2+ {[%emt 0:00:09] This bishop pair is nice.} 26. Kh1 Bb5 27. Nb2 Qc7 {[%emt 0:02:17] White must now prevent ...Bc6.} 28. Rcd1 Rxd1 $1 29. Rxd1 (29. Nxd1 $17 Bf4 30. Qe6+ Qf7 31. Qxf7+ Kxf7 32. g3) 29... Bc6 $4 (29... Rxf2 $19 {avoids the disaster. ...Bc6 is the strong threat.} 30. Qd5+ Kh8) 30. Qc4+ $1 $18 {[%emt 0:00:29][%mdl 1024] White has strong compensation.} Kh8 31. b5 {[%emt 0:00:46] The board is on fire.} Bb7 32. c6 Bc8 {[%emt 0:00:02] Inhibits Rd7.} 33. Nd3 Bd6 34. Nc5 Qe7 {[%emt 0:06:20] Against Ne6} 35. Re1 {[%emt 0:02:03] White is much more active.} Qc7 (35... Qf7 $16 {was worth a try.} 36. Qxf7 Rxf7) 36. Ne6 (36. Ne4 $18 {has better winning chances.} Be5 37. Bxe5 Qxe5 38. Qc5) 36... Bxe6 $16 37. Qxe6 Be7 $2 (37... Rxf2 $16 38. Qd7 Rf7 39. Qxc7 (39. Re8+ $2 Nf8 $19) 39... Bxc7) 38. Qe3 $40 {[%emt 0:02:06][%mdl 128] White goes for the king.} a6 39. a4 {[%emt 0:00:25] And now Qd4 would win.} (39. bxa6 Qxc6 40. a7 Bc5 $16) 39... Rb8 $2 (39... Bh4 {is a better defense.}) 40. Qd3 Rd8 41. Qc4 Bh4 (41... axb5 $142 42. axb5 Rc8) 42. Qc5 $2 (42. b6 Qc8 43. Qf7) 42... Be7 43. Qf5 Bf8 44. g3 axb5 45. axb5 Rb8 $2 (45... Ra8 46. Rd1 Ne7) 46. Qd7 Qb6 47. c7 Qb7+ 48. Kg1 {[%emt 0:00:03][%cal Oc3g7] Bxg7+! would kill now.} Rc8 {[%emt 0:00:03] [#]} 49. b6 (49. Bxg7+ $142 $1 Kg8 {[#]} (49... Bxg7 50. Re8+) 50. b6 $1 (50. Bxf8 Rxc7 51. Qg4 Kxf8 $16) 50... Bxg7 51. Re8+ Rxe8 52. Qxe8+ Nf8 53. Qb8) 49... Be7 50. Rxe7 {[%emt 0:00:48] White mates.} Nxe7 51. Qxe7 Rg8 52. Qd7 h5 53. Bxg7+ Kh7 54. Be5+ {[%emt 0:00:10] Weighted Error Value: White=0.33/Black=0.63} 1-0

[Event "Nakhchivan Open 2022"]
[Site "Nakhchivan"]
[Date "2022.05.13"]
[Round "8.1"]
[White "Rasulov, Vugar"]
[Black "Shahaliyev, Ismayil"]
[Result "1/2-1/2"]
[ECO "D38"]
[WhiteElo "2445"]
[BlackElo "2386"]
[Annotator "TA"]
[PlyCount "47"]
[EventDate "2022.05.08"]
[EventType "swiss"]
[EventCountry "AZE"]
[SourceTitle "playchess.com"]
[Source "ChessBase"]
[SourceQuality "1"]
[TimeControl "5400+30"]

1. d4 Nf6 2. c4 e6 3. Nf3 d5 4. Nc3 Bb4 5. Bg5 Nbd7 6. cxd5 exd5 7. Qc2 c5 8. e3 Qa5 9. Bd3 c4 10. Bf5 O-O 11. O-O Re8 12. Nd2 g6 13. Bxd7 Nxd7 {[%emt 0:00:05][%cal Bf6d7,Bd7b6,Bb6a4][%mdl 32] The position is equal.} 14. h4 {[%emt 0:03:32] D38: Queen's Gambit Declined: Ragozin Defence (4 Nf3 Bb4).} f6 15. Bf4 Bxc3 16. bxc3 Nb6 17. f3 Qa4 18. Qc1 Bf5 19. Re1 Qc6 {[%emt 0:07:48] [#]} 20. a4 $146 ({Predecessor:} 20. Nf1 Re7 21. Ng3 Bd3 22. Nh1 h6 23. Bxh6 Rh7 24. Bf4 g5 25. Bh2 Rxh4 26. Nf2 {1-0 (51) Mekhitarian,K (2487)-Cubas,J (2536) Santos 2011}) 20... Nxa4 21. e4 $1 Bd7 22. e5 b5 {[%emt 0:06:04] Hoping for ...a5.} 23. Nf1 a5 {[%emt 0:02:26] [#] ...b4 is the strong threat.} 24. Ne3 {[%emt 0:00:14] An uneventful encounter.  Weighted Error Value: White=0.03 (flawless) /Black=0.01 (flawless)} 1/2-1/2

[Event "Nakhchivan Open 2022"]
[Site "Nakhchivan"]
[Date "2022.05.13"]
[Round "8.2"]
[White "Asgari, Morteza"]
[Black "Azadaliyev, Jahandar"]
[Result "1/2-1/2"]
[ECO "B12"]
[WhiteElo "2244"]
[BlackElo "2088"]
[Annotator "TA"]
[PlyCount "71"]
[EventDate "2022.05.08"]
[EventType "swiss"]
[EventCountry "AZE"]
[SourceTitle "playchess.com"]
[Source "ChessBase"]
[SourceQuality "1"]
[TimeControl "5400+30"]

1. e4 c6 2. d4 d5 3. e5 Bf5 4. h4 h5 5. Bg5 Qb6 6. Bd3 {[%emt 0:00:11] B12: Caro-Kann: Advance Variation.} Bxd3 ({Worse is} 6... Qxb2 7. Nd2 Bxd3 8. cxd3 $17) 7. Qxd3 e6 (7... Qxb2 $17 8. Qc3 Qxc3+ 9. Nxc3 e6) 8. Nd2 $11 {[%emt 0:00:11][%cal Bb1d2,Bd2c4,Bc4e3][%mdl 32] Active counter play!} Nd7 9. Ngf3 Ne7 10. c4 Qa6 11. O-O Nf5 12. Qc3 {[%emt 0:06:34] Against Bb4} dxc4 13. Nxc4 Nb6 14. Ne3 Ne7 15. a3 Ned5 (15... O-O-O $11) 16. Qc2 Be7 17. Bxe7 Nxe7 18. Ng5 Rd8 19. Rfd1 {[%emt 0:11:10] [#]} Ned5 $146 ({Black should try} 19... Nbd5 $14) ({Predecessor:} 19... Nbd5 20. Nc4 Nf5 21. Ne4 O-O 22. g3 Nc7 23. Ncd6 Nxd6 24. exd6 Ne8 25. d7 Nf6 26. Nxf6+ gxf6 {1-0 (58) Heimann,A (2578)-Repka,C (2475) Balatonszarszo 2017}) 20. Ne4 $16 Nxe3 21. fxe3 {[%emt 0:00:30] Threatens to win with Rf1.} Nd5 22. Re1 O-O (22... Qb6 $16 {might work better.} 23. Nd6+ Rxd6 24. exd6 Nf6) 23. Ng5 $18 g6 {[%emt 0:00:03][%cal Oc6c5] [#]} 24. Nxe6 fxe6 25. Qxg6+ Kh8 26. Qxh5+ $2 (26. e4 $18 Rd7 27. exd5) 26... Kg7 $1 $11 27. Qg4+ Kh7 {[%emt 0:00:10] And now ...Qd3 would win.} 28. Qh5+ Kg8 $2 (28... Kg7 $11 {and Black has nothing to worry.}) 29. Qg6+ $18 Kh8 30. Qh6+ Kg8 31. e4 {The board is on fire.} Nf4 {Against Qg6+} (31... Qb6 $142) 32. Re3 {[#] Strongly threatening Rg3+.} Ne2+ 33. Kh2 Nf4 {Prevents Qg6+.} (33... Qc4 $18 34. Rd1 Rd7) 34. Ree1 $4 (34. Rg3+ {was the only winning move.} Kf7 35. Qh7+ Ke8 36. Rg7 Rxd4 37. Rc7 Qxa3 38. Rxa3 Ng6 39. Rxa7 Rf4 40. Ra8+ Rd8 41. Rxd8+ Kxd8 42. Qd7#) 34... Nd5 $4 35. Kg1 $2 (35. Qg6+ $18 Kh8 36. exd5) 35... Nf4 $11 {aiming for ...Rd7.} 36. Rf1 $2 {[%mdl 40960] What a bad dream for White.  Weighted Error Value: White=0.52/Black=0.78. An unexpected result.} (36. Kh2 $11 Rd7 37. Re3 (37. Rf1 $2 Rh7 $19)) 1/2-1/2

[Event "Nakhchivan Open 2022"]
[Site "Nakhchivan"]
[Date "2022.05.13"]
[Round "8.3"]
[White "Ahmadov, Fariz"]
[Black "Davudov, Tunar"]
[Result "1-0"]
[ECO "D05"]
[WhiteElo "2182"]
[BlackElo "1816"]
[Annotator "TA"]
[PlyCount "99"]
[EventDate "2022.05.08"]
[EventType "swiss"]
[EventCountry "AZE"]
[SourceTitle "playchess.com"]
[Source "ChessBase"]
[SourceQuality "1"]
[TimeControl "5400+30"]

1. d4 Nf6 2. Nf3 e6 3. e3 d5 4. Bd3 c5 5. c3 Nc6 6. O-O Bd6 7. Nbd2 O-O 8. e4 cxd4 9. cxd4 dxe4 10. Nxe4 Be7 11. Be3 {[%emt 0:08:39] B22: Sicilian: 2 c3.} Nd5 12. a3 f5 13. Nc3 {[%emt 0:00:16] [#] The position is equal.} f4 $146 (13... Nxe3 $11 {remains equal.} 14. fxe3 a6) ({Predecessor:} 13... Bf6 14. Qc2 Nxc3 15. bxc3 {1-0 (43) Gvetadze,S (2302)-Sichinava,M (1607) Tbilisi 2021}) 14. Bd2 Bf6 $1 15. Qc2 h6 16. Rad1 Kh8 17. Rfe1 Nxd4 18. Nxd4 Bxd4 19. Nxd5 exd5 20. Bb4 $1 Bg4 21. Bxf8 Bxd1 22. Bxg7+ $1 Bxg7 23. Qxd1 Qg5 {[%emt 0:09:25] Inhibits Qh5.} 24. h4 ({White should try} 24. Bc2) 24... Qxh4 $16 25. Bb1 {White wants to mate with Qd3.} Qg5 26. Qd3 {[%emt 0:04:56][%csl Gb1][%cal Rd3h7][%mdl 1024] White has strong compensation.} Kg8 27. b4 Qh5 28. Re7 (28. Qb5 $16) 28... Qg5 29. Re1 Qh5 $1 30. Ba2 Rd8 31. Bb3 Qg5 {[%emt 0:01:09] Inhibits Re7.} 32. a4 b6 33. a5 bxa5 34. bxa5 h5 35. a6 h4 36. Qf3 Kh8 (36... Kf8 $1 $14 {is more appropriate.}) 37. Bc2 (37. Rb1 $16) 37... Qh6 38. Qg4 {[%emt 0:00:51] White is more active.} f3 (38... h3 $14) 39. Qxf3 $18 Qxa6 $2 {[%emt 0:00:27] [#]} (39... Qg5 40. Qf7 Qf6 41. Re8+ (41. Qxa7 Rf8 $16) 41... Rxe8 42. Qxe8+ Bf8 43. Qh5+ Qh6 44. Qe5+ (44. Qxd5 Qc1+ 45. Bd1 Kg7 $18) 44... Bg7 45. Qe8+ (45. Qxd5 Qc1+ 46. Bd1 Kh7 $16) (45. Qb8+ Bf8 $18) 45... Bf8 46. Qe5+ Bg7 47. Qb8+ (47. Qxd5 Qc1+ 48. Bd1 Kh7 $16) 47... Bf8) 40. Qf5 $1 Qh6 {[%emt 0:00:23] Against Qh7+} 41. Re6 Qc1+ 42. Kh2 Kg8 43. Rg6 (43. Re7 $142 Qh6 44. Qf7+ Kh8 45. Re6 Qxe6 46. Qxe6 h3 47. Qxh3+ Kg8 48. Qe6+ Kh8 49. Bb3) 43... Qd2 44. Qe6+ (44. Qe5 $142 Qh6 45. Qe6+ Kh8 46. Rxh6+ Bxh6 47. Qxh6+ Kg8 48. Qh7+ Kf8 49. Bg6 Rd7 50. Qxd7 Kg8 51. Qh7+ Kf8 52. Qf7#) 44... Kf8 {[%emt 0:00:30] [#]} 45. Qf5+ $40 {[%emt 0:01:56][%mdl 128] White has some attack.} (45. Rxg7 $1 $18 Qf4+ (45... Kxg7 46. Qe7+) 46. Kh3 Kxg7 47. Qe7+ Qf7 48. Qg5+ Kf8 49. Qxd8+ Qe8 50. Qd6+ Qe7 51. Qxd5) 45... Kg8 46. Rg5 (46. Qe5 $142 Qh6 47. Qe6+ Kh8 48. Rxh6+ Bxh6 49. Qxh6+ Kg8 50. Qh7+ Kf8 51. Bg6 Rd7 52. Qxd7 Kg8 53. Qh7+ Kf8 54. Qf7#) 46... Qd4 47. Qe6+ {[%emt 0:00:15] White mates.} Kh8 48. Rh5+ Bh6 49. Rxh6+ Kg7 50. Rh7+ {[%emt 0:00:07] Weighted Error Value: White=0.53/Black=0.62} 1-0

[Event "Nakhchivan Open 2022"]
[Site "Nakhchivan"]
[Date "2022.05.13"]
[Round "8.4"]
[White "Lorparizangeneh, Shahin"]
[Black "Hasanov, Rashad"]
[Result "1-0"]
[ECO "A05"]
[WhiteElo "2502"]
[BlackElo "2142"]
[Annotator "TA"]
[PlyCount "97"]
[EventDate "2022.05.08"]
[EventType "swiss"]
[EventCountry "AZE"]
[SourceTitle "playchess.com"]
[Source "ChessBase"]
[SourceQuality "1"]
[TimeControl "5400+30"]

1. Nf3 Nf6 2. g3 d5 3. Bg2 e6 4. O-O Be7 5. d3 O-O 6. Nbd2 b6 7. e4 Bb7 8. e5 Nfd7 9. Re1 c5 10. Nf1 Nc6 11. h4 Re8 12. N1h2 Nf8 {[%emt 0:03:27] C00: French: Unusual White 2nd moves.} 13. Ng4 b5 {[%emt 0:05:43] [#]} 14. Bg5 $146 (14. c3 $14) ({Predecessor:} 14. h5 Rc8 15. h6 g6 16. a4 b4 17. Be3 Nd7 18. Qc1 Ba6 19. Qd2 Na5 20. Bg5 {1-0 (50) Panno,O-Eliskases,E Mar del Plata 1957}) 14... Nd4 ({Black should try} 14... Bxg5 $11 15. Nxg5 h6) 15. Nxd4 $14 cxd4 16. Qd2 Rc8 17. Rac1 {[%emt 0:05:38] White is more active.} h6 18. Bxe7 Qxe7 19. Nh2 $1 Qc5 20. Nf3 Ng6 (20... b4 $14) 21. h5 $16 Ne7 22. g4 Nc6 23. g5 hxg5 24. Qxg5 Qe7 25. Qf4 f6 26. Bh3 {[%emt 0:00:33] Threatens to win with exf6.} fxe5 27. Nxe5 Qf6 (27... Rf8 $16 28. Qg4 Nxe5 29. Rxe5 Rc6) 28. Qg3 $18 Nxe5 (28... Rcd8 $16 29. f4 a5) 29. Rxe5 {[%emt 0:00:02] Hoping for Rce1.} Rc6 {[%emt 0:01:05] [#]} (29... Re7 $142 30. Rg5 Rf8) 30. Rce1 $2 (30. Rg5 $1 $18 {[%cal Rg5g6] and the rest is easy.}) 30... Bc8 $16 31. R1e2 Rf8 {[%emt 0:02:44] [#]} 32. Rg5 $1 {[%emt 0:00:28] Black must now prevent Rg6.} Rc7 33. Rg6 {[%emt 0:02:21] Inhibits Qh6.} Qf4 34. Bxe6+ Bxe6 35. Qxf4 {[%emt 0:00:07] Dancing on a razor blade.} ({Much weaker is} 35. Rexe6 $6 Qxg3+ 36. Rxg3 Rxc2 $11) 35... Rxf4 36. Rgxe6 {[%emt 0:00:05][%mdl 4096] Endgame KRR-KRR} Rf5 37. h6 gxh6 38. Rxh6 Kg7 39. Rh4 Kf6 40. Rxd4 Rh5 {[%emt 0:00:46] ( -> ...Rg7+)} 41. Rf4+ Kg6 42. f3 Rg5+ 43. Kf2 a5 44. c3 Rc6 45. a3 Rh5 46. Ke1 Rh1+ 47. Kd2 Rh3 (47... Rf6 {keeps fighting.}) 48. Rg2+ $18 Kh6 49. Ke3 {Weighted Error Value: White=0.12 (very precise) /Black=0.28 (precise)} 1-0

[Event "Nakhchivan Open 2022"]
[Site "Nakhchivan"]
[Date "2022.05.13"]
[Round "8.5"]
[White "Garayev, Sadig"]
[Black "Haznedaroglu, Kivanc"]
[Result "1/2-1/2"]
[ECO "B44"]
[WhiteElo "2122"]
[BlackElo "2425"]
[Annotator "TA"]
[PlyCount "112"]
[EventDate "2022.05.08"]
[EventType "swiss"]
[EventCountry "AZE"]
[SourceTitle "playchess.com"]
[Source "ChessBase"]
[SourceQuality "1"]
[TimeControl "5400+30"]

1. e4 c5 2. Nf3 e6 3. d4 cxd4 4. Nxd4 Nc6 5. Nxc6 bxc6 6. Bd3 d5 7. O-O Nf6 8. Nc3 Be7 9. b3 O-O {[%emt 0:00:15] B40: Sicilian: 2...e6, Unusual lines.} 10. e5 Nd7 ({Much less strong is} 10... Bb4 11. exf6 Bxc3 12. fxg7 (12. Qh5 g6 $17) 12... Bxg7 13. Ba3 $11) 11. f4 {[%emt 0:00:42] [#]} Ba6 $1 {[%emt 0:14:39] [#]} 12. Rf3 $146 (12. Be3 Bxd3) ({Predecessor:} 12. Bxh7+ Kxh7 13. Qh5+ Kg8 14. Rf3 f5 15. Rh3 Bc5+ 16. Kh1 Nb6 17. Qh7+ Kf7 18. Rh6 {0-1 (43) Calugar,A (2295)-Plotkin,M (2036) Kitchener 2014}) 12... Bxd3 (12... f6 {feels hotter.} 13. exf6 Bxf6 14. Bxa6 Qb6+) 13. cxd3 f6 14. d4 c5 15. Rh3 (15. exf6 $11 Bxf6 16. Be3) 15... fxe5 (15... cxd4 $17 16. exf6 Bxf6) 16. dxe5 {[%emt 0:02:23] Qh5 is the strong threat.} Rf7 17. Qg4 Nf8 18. Bb2 Qb6 19. Kh1 ({White should try} 19. Na4 $15 Qa6 20. Ba3) 19... c4 (19... d4 $17 20. Na4 Qc6) 20. Ne2 Bc5 21. Rd1 {[%emt 0:00:15] [#] Prevents d4.} cxb3 (21... d4 $1 $17 22. Bc1 (22. Bxd4 Rd8 $17) 22... c3) 22. axb3 Re8 23. Nd4 Bxd4 24. Bxd4 Qb5 25. Rc3 Ng6 26. g3 $36 {[%emt 0:00:06][%mdl 2048] White has good play.} Rb7 27. Qf3 Qd7 28. Rdc1 Reb8 29. Bc5 Rc8 30. Bd6 Rxc3 31. Qxc3 Ne7 32. Qc5 ({Better is} 32. g4 $14) 32... h5 $11 {[%emt 0:02:02] The position is equal.} 33. Bxe7 Qxe7 34. Qxe7 Rxe7 {[%emt 0:00:02][%mdl 4096] Endgame KR-KR} 35. Kg2 Kf7 36. Kf3 Rb7 37. Rc3 g5 38. g4 Rb4 39. gxh5 Rxf4+ 40. Kg3 Kg7 41. Rc6 Kh6 42. Rxe6+ Kxh5 43. Rd6 d4 44. e6 Re4 45. e7 Rxe7 46. Rxd4 Re3+ 47. Kg2 Rxb3 48. Ra4 $1 {[%emt 0:00:10] Inhibits Ra3.} Rb7 49. Kg3 Rg7 50. Ra5 Kg6 51. Kg4 Kf6 52. Ra6+ Ke5 53. h3 Kd5 54. Kh5 Kc5 55. Kh6 Kb5 56. Ra1 Rg8 {[%emt 0:00:46] Weighted Error Value: White=0.11 (very precise) /Black=0.10 (very precise)} 1/2-1/2

[Event "Nakhchivan Open 2022"]
[Site "Nakhchivan"]
[Date "2022.05.13"]
[Round "8.6"]
[White "Gasimov, Parviz"]
[Black "Movahed, Sina"]
[Result "1-0"]
[ECO "B53"]
[WhiteElo "2331"]
[BlackElo "2051"]
[Annotator "TA"]
[PlyCount "133"]
[EventDate "2022.05.08"]
[EventType "swiss"]
[EventCountry "AZE"]
[SourceTitle "playchess.com"]
[Source "ChessBase"]
[SourceQuality "1"]
[TimeControl "5400+30"]

1. e4 c5 2. Nf3 d6 3. d4 cxd4 4. Qxd4 Nc6 5. Bb5 Bd7 6. Qd3 Nf6 {[%emt 0:00:25] 6...g6 deserves study.} 7. c4 {[%emt 0:01:03] B53: Sicilian: 2...d6: Lines with Qxd4.} a6 8. Bxc6 Bxc6 9. Nc3 {[%emt 0:00:06] White has an edge.} g6 10. O-O Bg7 11. Nd4 Nd7 12. Be3 {[%emt 0:02:30] [#]} Rc8 $146 ({Predecessor:} 12... O-O 13. f3 Rc8 14. Qd2 Nc5 15. Rac1 Ne6 16. Nxe6 fxe6 17. Bd4 Bxd4+ 18. Qxd4 Qa5 {½-½ (43) Kokarev,D (2601)-Bocharov,I (2557) St Petersburg 2019}) 13. Rac1 ({Much weaker is} 13. Nxc6 Rxc6 14. Bd4 Ne5 15. Bxe5 Bxe5 $11) 13... Ne5 14. Qe2 Bd7 {[%emt 0:00:23] A strong pair of Bishops.} 15. Nd5 O-O ({Don't do} 15... e6 16. Nb6 $1 $16) 16. Bg5 Re8 (16... f6 $5 17. Be3 e6 $11) 17. Rfd1 h6 18. Bh4 Nc6 19. Nxc6 bxc6 20. Ne3 Qa5 21. b3 Be6 (21... Qe5 $11) 22. f4 $16 g5 (22... Rcd8 $16) 23. Be1 $18 Qa3 (23... Qc5 $16) 24. f5 $1 Bd7 25. Bc3 Bxc3 (25... f6 $142 26. Bd4 e6) 26. Rxc3 {[%emt 0:00:01][%cal Oc4c5] aiming for c5!} Qc5 27. Rcd3 {[%emt 0:01:51] And now Qh5 would win.} Kg7 28. Qb2+ f6 29. b4 Qa7 (29... Rb8 $16) 30. c5 $1 Rcd8 (30... Rb8 {might work better.}) 31. Kh1 d5 (31... a5 $142 32. cxd6 e5) 32. exd5 Bc8 $2 (32... Rb8 33. Qe2 Rxb4) 33. Qe2 cxd5 34. Qh5 {[%emt 0:00:49] Threatens to win with Qg6+.} Rh8 35. Rxd5 (35. Qg6+ $142 Kf8 36. Nxd5 Bxf5 37. Qxf5) 35... Rxd5 36. Rxd5 ({Weaker is} 36. Nxd5 Bxf5 37. Qf3 Be6 $16) 36... Qc7 37. c6 $2 (37. Qg6+ $18 {is more deadly.} Kf8 38. c6) 37... Kf8 $2 {[%emt 0:00:27][%mdl 8192] Black cannot hold the game after this.} (37... Rd8 $16) 38. Qg6 h5 39. Nc4 h4 {[%emt 0:00:34] [#]} 40. h3 (40. Nd6 $142 $1 exd6 41. Qxf6+ Kg8 42. Rxd6) 40... Rg8 41. Qh6+ Kf7 42. Qh5+ (42. a4 $142 Ke8 43. Qh5+ Kf8 44. b5 axb5 45. axb5 Bxf5 46. Rxf5) 42... Kf8 43. a4 g4 44. hxg4 h3 45. b5 hxg2+ 46. Kxg2 Kg7 47. Qg6+ Kf8 48. Qh6+ Kf7 49. Kf1 Bxf5 50. gxf5 Rg1+ 51. Kxg1 Qg3+ {[%emt 0:00:06] [#]} 52. Kf1 $1 Qf3+ 53. Ke1 Qxd5 54. Qh7+ Kf8 55. Qh8+ Kf7 56. Qh5+ Kg7 57. Qg4+ Kf8 58. Ne3 (58. Nb6 $142 Qe5+ 59. Kf1 Qa1+ 60. Kg2 Qb2+ 61. Kh3 e5 62. Nd7+ Ke7 63. Qg7+ Kd6 64. Qxf6+ Kd5 65. Qe6+ Ke4 66. Qc4+ Kf3 67. Qg4+ Ke3 68. Qg3+ Ke4 69. bxa6) 58... Qc5 59. Qe2 {[%emt 0:00:24] Intending Qd3 and mate.} Qb4+ 60. Qd2 {[%emt 0:00:39] White mates.} Qh4+ 61. Ke2 Qh2+ 62. Kd1 Qh1+ 63. Kc2 Qe4+ 64. Kb3 Qb1+ 65. Kc4 axb5+ 66. axb5 e5 67. Qb4+ {[%emt 0:00:31] Weighted Error Value: White=0.40/Black=0.55} 1-0

[Event "Nakhchivan Open 2022"]
[Site "Nakhchivan"]
[Date "2022.05.14"]
[Round "9.1"]
[White "Shahaliyev, Ismayil"]
[Black "Ahmadov, Fariz"]
[Result "1-0"]
[ECO "E05"]
[WhiteElo "2386"]
[BlackElo "2182"]
[Annotator "TA"]
[PlyCount "99"]
[EventDate "2022.05.08"]
[EventType "swiss"]
[EventCountry "AZE"]
[SourceTitle "playchess.com"]
[Source "ChessBase"]
[SourceQuality "1"]
[TimeControl "5400+30"]

1. d4 Nf6 2. c4 e6 3. g3 d5 4. Nf3 dxc4 5. Bg2 Be7 6. O-O O-O 7. Qc2 Nc6 8. Qxc4 Qd5 {[%emt 0:01:27] E05: Open Catalan: 5 Nf3 Be7.} 9. Qa4 Qh5 10. Nc3 {[%emt 0:00:57][%cal Bb1c3,Bc3a4,Ba4c5][%mdl 32] [#] Against b5} Rd8 $146 {[%emt 0:04:12] White is slightly better.} ({Predecessor:} 10... Bd7 11. Qd1 Bd6 12. Re1 e5 13. d5 Nd8 14. Nd2 c6 15. e4 Bg4 16. f3 Bc5+ {½-½ (59) Dutra,A (2418)-Tsang,H (2394) ICCF email 2016}) 11. Rd1 Rb8 12. Bf4 b5 (12... Bd6 $1 $14) 13. Qb3 $16 Bd6 {[%emt 0:05:47] [#]} 14. Bg5 (14. Ne5 $1 $16 Na5 15. Qc2) 14... b4 $14 15. Na4 Na5 16. Qd3 Bd7 17. Nc5 Bb5 18. Qc2 Qg6 (18... Bxc5 $11 19. dxc5 Nc6) 19. Qxg6 (19. e4 $16) 19... hxg6 20. Nd3 Bxd3 (20... b3 $11) 21. Rxd3 $16 c5 ({Black should try} 21... b3) 22. dxc5 Bxc5 23. Rxd8+ (23. Bf4 $18) 23... Rxd8 24. Rc1 Bb6 25. b3 Rd7 (25... Nb7 $16 {might work better.}) 26. Ne5 $18 Rc7 27. Rxc7 Bxc7 28. Nd3 Nd7 29. Nxb4 Kf8 30. Bd2 Bb6 31. Nd3 Ke7 32. Bb4+ {[%emt 0:01:38] A strong pair of Bishops.} Kd8 33. Bc3 Kc7 34. Bxg7 Nc6 35. Bxc6 Kxc6 36. Ne5+ Nxe5 37. Bxe5 {[%emt 0:00:02][%mdl 4096] Endgame KB-KB} Kd5 38. Bc3 e5 39. g4 g5 40. Kg2 Ke4 41. Kg3 f6 42. Bb4 {[%emt 0:00:55] [#] And now Be7 would win.} Bd8 {[%emt 0:00:07] Prevents Be7.} (42... Kd5 $142 43. e3 a5) 43. Bc5 {[%emt 0:01:24] White is clearly winning.} a5 (43... a6 $142 44. h4 Kd5) 44. Ba7 Kd5 45. h4 gxh4+ 46. Kxh4 f5+ 47. g5 a4 48. bxa4 e4 49. Kh5 {[%emt 0:00:17] Threatening mate with g6.} f4 50. Kh6 {[%emt 0:01:02] Weighted Error Value: White=0.11 (very precise) /Black=0.35} 1-0

[Event "Nakhchivan Open 2022"]
[Site "Nakhchivan"]
[Date "2022.05.14"]
[Round "9.2"]
[White "Gasimov, Parviz"]
[Black "Rasulov, Vugar"]
[Result "0-1"]
[ECO "B52"]
[WhiteElo "2331"]
[BlackElo "2445"]
[Annotator "TA"]
[PlyCount "68"]
[EventDate "2022.05.08"]
[EventType "swiss"]
[EventCountry "AZE"]
[SourceTitle "playchess.com"]
[Source "ChessBase"]
[SourceQuality "1"]
[TimeControl "5400+30"]

1. e4 c5 2. Nf3 d6 3. Bb5+ Bd7 4. Bxd7+ Qxd7 5. O-O Nf6 6. Qe2 Nc6 7. c3 e6 8. d4 cxd4 9. cxd4 d5 10. e5 Ne4 11. Be3 {[%emt 0:00:13] 11.Nbd2 is the hot move. B52: Sicilian: Moscow Variation with 3...Bd7.} f5 12. Rd1 Qf7 {[%emt 0:02:16] [#]} 13. Ne1 $146 {[%emt 0:04:23] The position is equal.} ({Predecessor:} 13. Nc3 Be7 14. Qb5 Rb8 15. Ne2 a6 16. Qd3 O-O 17. Ne1 Na5 18. b3 h6 19. f3 {½-½ (29) Rublevsky,S (2687)-Ivanchuk,V (2731) Foros 2006}) 13... f4 14. Bc1 Rc8 $1 {[%emt 0:00:17][%cal Oc6d4] Threatening ...Nxd4!} 15. Qb5 (15. Nc3 $11) 15... a6 $17 {[%emt 0:02:51] Black is more active.} 16. Qa4 Be7 {[%emt 0:00:22] Hoping for ...Bh4.} (16... Bb4 $5 17. Bd2 (17. Nd3 O-O $17) 17... Be7 $15) 17. f3 O-O 18. Na3 {[%emt 0:14:52][%mdl 8192] [#] White does not recover from this.} ({White must play} 18. Nc3 $1 $15 Nxc3 19. bxc3) 18... Bh4 $1 $19 19. fxe4 dxe4 20. d5 exd5 21. Qb3 Bxe1 ({Not} 21... Nxe5 22. Rxd5 Rce8 23. Nec2 $19) 22. e6 {[%emt 0:03:00] [#]} (22. Rxe1 $142 f3 23. Be3) 22... Qxe6 $1 23. Rxe1 (23. Qxd5 Qxd5) 23... f3 {[%emt 0:03:45] ( -> ...f2+)} 24. Be3 Kh8 ({Weaker is} 24... fxg2 25. Re2 $17) 25. Bf2 (25. gxf3 $142 exf3 26. Kh1) 25... Qg4 26. Bg3 Nd4 27. Qxd5 (27. Qe3 $142 Nc2 28. Nxc2 Rxc2 29. Kh1 fxg2+ 30. Kg1) 27... f2+ 28. Bxf2 Nf3+ $1 {[%emt 0:00:05][%mdl 64] Deflection, Double Attack} 29. Kf1 Nxh2+ 30. Kg1 Nf3+ 31. Kf1 Rcd8 32. Qc5 (32. Rxe4 $19 Nh2+ 33. Kg1 Rxd5 34. Rxg4 Nxg4 35. Be1) 32... Nh4 {[%emt 0:02:32] Black mates.} 33. g3 Qxg3 34. Nc4 Qh3+ {[%emt 0:00:21] Weighted Error Value: White=0.93/Black=0.39} 0-1